WCHLSIM.com - West Coast Hockey League
html PUBLIC "-//W3C//DTD XHTML 1.0 Transitional//EN" "http://www.w3.org/TR/xhtml1/DTD/xhtml1-transitional.dtd"> WCHL - Game 278 - PHOENIX MUSTANGS vs TEXAS TOROS

PHOENIX MUSTANGS vs TEXAS TOROS

Created - 24 novembre 2021 at 21:09

Goals
1 2 3 T
PHOENIX MUSTANGS 0 4 1 5
TEXAS TOROS 0 0 1 1
Shots
1 2 3 T
PHOENIX MUSTANGS 7 11 7 25
TEXAS TOROS 2 3 7 12

1st period

No Goal

Penalties :
Jake Virtanen (TEX) for Tripping (Minor) at 2:10

2nd period

1. PHOENIX MUSTANGS , T.J. Oshie 8 (Nicklas Backstrom 14, Erik Karlsson 8) at 2:40
2. PHOENIX MUSTANGS , Clayton Keller 6 (Kevin Hayes 12) at 6:04
3. PHOENIX MUSTANGS , Nicklas Backstrom 7 (T.J. Oshie 13) at 9:58
4. PHOENIX MUSTANGS , T.J. Oshie 9 (Nicklas Backstrom 15, Jesper Fast 5) at 17:32

Penalties :
T.J. Oshie (PHX) for Roughing (Minor) at 0:09

3rd period

5. TEXAS TOROS , Wade Allison 6 (Eetu Luostarinen 4, Jason Zucker 6) at 3:40
6. PHOENIX MUSTANGS , T.J. Oshie 10 (Andrew Copp 12, Nicklas Backstrom 16) at 12:28 (PP)

Penalties :
Mike Hardman (TEX) for High sticking (Minor) at 12:15, Andrew Copp (PHX) for Interference (Minor) at 17:14

Goalie Stats

Joonas Korpisalo (PHX), 11 saves from 12 shots - (0,917), W, 9-4-2, 60:00 minutes
Jakub Skarek (TEX), 13 saves from 17 shots - (0,765), L, 0-4-0, 37:32 minutes
Mikko Koskinen (TEX), 7 saves from 8 shots - (0,875), 22:28 minutes

Players Stats for PHOENIX MUSTANGS

Player Name              G  A  P  +/- PIM S  H  SB GA TA FO     MP     PP MP  PK MP  
------------------------------------------------------------------------------------
Andrew Copp              0  1  1  -1  2   1  3  0  0  0  11/13  21:35   0:30   1:20 
Calvin De Haan           0  0  0   1  0   0  2  0  0  0  0/0    15:15   0:17   1:53 
Christian Dvorak         0  0  0  -1  0   1  1  0  0  0  0/1    21:01   0:00   1:15 
Clayton Keller           1  0  1   1  0   6  0  2  0  0  1/2    19:26   0:17   2:04 
Dennis Cholowski         0  0  0   0  0   0  0  0  0  0  0/0     7:26   0:13   0:07 
Erik Karlsson            0  1  1   1  0   0  0  0  0  0  0/0    18:00   0:30   0:00 
Frederick Gaudreau       0  0  0   0  0   0  0  0  0  0  2/5     4:55   0:00   0:00 
Jake Walman              0  0  0   0  0   0  1  0  0  0  0/0     7:06   0:00   0:00 
Jeremy Lauzon            0  0  0   1  0   1  2  0  0  0  0/0    18:07   0:00   1:58 
Jesper Fast              0  1  1   3  0   1  3  0  0  0  0/0    13:07   0:00   0:00 
Jordan Greenway          0  0  0   1  0   2  2  0  0  0  1/1    17:44   1:42   0:00 
Kevin Hayes              0  1  1   1  0   2  2  0  0  0  7/13   18:31   0:17   1:09 
Michael Matheson         0  0  0   1  0   0  0  0  0  0  0/0    14:47   1:42   0:00 
Nicklas Backstrom        1  3  4   3  0   1  0  0  0  0  8/12   21:02   1:55   2:08 
Scott Harrington         0  0  0   1  0   0  2  0  0  0  0/0    19:23   0:00   1:53 
T.J. Oshie               3  1  4   3  2   6  0  0  0  0  0/1    18:53   1:55   0:00 
Teuvo Teravainen         0  0  0  -1  0   4  2  0  0  0  1/2    19:46   0:00   0:00 
Ty Smith                 0  0  0   1  0   0  0  0  0  0  0/0    19:56   1:42   2:05 

Players Stats for TEXAS TOROS

Player Name              G  A  P  +/- PIM S  H  SB GA TA FO     MP     PP MP  PK MP  
------------------------------------------------------------------------------------
Alex Chiasson            0  0  0  -1  0   1  0  0  0  0  3/9    10:30   0:00   0:00 
Connor Bunnaman          0  0  0   0  0   0  0  1  0  0  6/12   17:16   2:01   0:31 
Dante Fabbro             0  0  0   0  0   0  1  2  0  0  0/0    19:59   1:41   0:59 
Eetu Luostarinen         0  1  1   0  0   0  0  0  0  0  6/14   18:48   1:57   0:34 
Gabriel Carlsson         0  0  0   0  0   0  0  0  0  0  0/0    19:51   1:41   0:51 
Jake Virtanen            0  0  0   0  2   2  1  0  0  0  1/1    16:44   2:01   0:00 
Jason Zucker             0  1  1   0  0   2  1  0  0  0  0/1    19:00   1:57   0:46 
Madison Bowey            0  0  0  -1  0   0  3  1  0  0  0/0    16:29   0:00   0:26 
Mike Hardman             0  0  0  -1  2   0  0  0  0  0  0/0    10:29   0:00   0:00 
Miles Wood               0  0  0   0  0   0  1  0  0  0  0/0    17:57   2:01   1:12 
Nate Schmidt             0  0  0  -1  0   0  0  3  0  0  0/0    16:03   0:00   0:00 
Nikita Gusev             0  0  0  -2  0   1  0  0  0  0  1/9    12:19   0:00   0:00 
Richard Panik            0  0  0  -1  0   1  0  0  0  0  0/0    10:30   0:00   0:00 
Taro Hirose              0  0  0  -2  0   0  0  0  0  0  1/2    12:19   0:00   0:00 
Taylor Raddysh           0  0  0  -2  0   0  0  0  0  0  1/1    13:06   0:00   0:47 
Tyson Barrie             0  0  0  -2  0   1  2  1  0  0  0/0    23:54   2:17   1:09 
Vince Dunn               0  0  0  -2  0   1  1  0  0  0  0/0    23:44   2:17   0:59 
Wade Allison             1  0  1   0  0   3  1  0  0  0  0/1    18:48   1:57   0:34 

3 Stars

1 - T.J. Oshie (PHX)
2 - Nicklas Backstrom (PHX)
3 - Jesper Fast (PHX)

Power Play

PHOENIX MUSTANGS - 1 on 2 Attempt(s) - 50,00%
TEXAS TOROS - 0 on 2 Attempt(s) - 0,00%

Penalty Kill

PHOENIX MUSTANGS - 2 on 2 Attempt(s) - 100,00% - Score 0 goal in Penalty Kill
TEXAS TOROS - 1 on 2 Attempt(s) - 50,00% - Score 0 goal in Penalty Kill

Team Stat

PHOENIX MUSTANGS - Hits : 20 - Faceoff Wins : 31 - Blocked Shots : 2 - Penalty Minutes : 4
TEXAS TOROS - Hits : 11 - Faceoff Wins : 19 - Blocked Shots : 8 - Penalty Minutes : 4

Official

Referees : Corey Syvret and Andrew Howard
Linesman : Julien Fournier and Darren Gibbs

Game Notes

Mikko Koskinen enters game at 17:32 of 2nd period
T.J. Oshie has scored a Hat Trick!

Finance

Level 1 -- Attendance: 4785 (73,62%) -- Ticket Income 813 450 $
Level 2 -- Attendance: 3777 (68,67%) -- Ticket Income 453 240 $
Level 3 -- Attendance: 2094 (69,80%) -- Ticket Income 188 460 $
Level 4 -- Attendance: 4476 (89,52%) -- Ticket Income 268 560 $
Luxury Box -- Attendance: 573 (57,30%) -- Ticket Income 229 200 $
Game was played at the Red Bull Arena.
Total Attendance: 15705 (74,79%)
Total Ticket Income: 1 952 910 $
Other Expense: 19 529 $
Total Income: 1 933 381 $

PHOENIX MUSTANGS

5 vs 5 Forward 
   Center                   Left Wing                Right Wing               Time % Phy DF OF 
 1 Andrew Copp              Teuvo Teravainen         Christian Dvorak         36     1   2  2  
 2 Kevin Hayes              Clayton Keller           Jordan Greenway          31     1   2  2  
 3 Nicklas Backstrom        T.J. Oshie               Jesper Fast              25     1   2  2  
 4 Frederick Gaudreau       Nicklas Backstrom        T.J. Oshie               8      1   2  2  

5 vs 5 Defense 
   Defense                  Defense                                           Time % Phy DF OF 
 1 Erik Karlsson            Scott Harrington                                  36     1   2  2  
 2 Ty Smith                 Jeremy Lauzon                                     31     1   2  2  
 3 Michael Matheson         Calvin De Haan                                    23     1   2  2  
 4 Dennis Cholowski         Jake Walman                                       10     1   2  2  

PowerPlay Forward 
   Center                   Left Wing                Right Wing               Time % Phy DF OF 
 1 T.J. Oshie               Nicklas Backstrom        Jordan Greenway          60     1   2  2  
 2 Kevin Hayes              Andrew Copp              Clayton Keller           40     1   2  2  

PowerPlay Defense
   Defense                  Defense                                           Time % Phy DF OF 
 1 Erik Karlsson            Calvin De Haan                                    55     1   2  2  
 2 Michael Matheson         Ty Smith                                          45     1   2  2  

Penalty Kill 4 Players Forward 
   Center                   Wing                     Time % Phy DF OF 
 1 Andrew Copp              Clayton Keller           55     1   2  2  
 2 Nicklas Backstrom        Kevin Hayes              45     1   2  2  

Penalty Kill 4 Players Defense
   Defense                  Defense                  Time % Phy DF OF 
 1 Jeremy Lauzon            Ty Smith                 55     1   2  2  
 2 Scott Harrington         Calvin De Haan           45     1   2  2  

Penalty Kill - 3 Players Forward 
   Forward                                           Time % Phy DF OF 
 1 Kevin Hayes                                       55     1   2  2  
 2 Andrew Copp                                       45     1   2  2  

Penalty Kill - 3 Players Defense
   Defense                  Defense                  Time % Phy DF OF 
 1 Calvin De Haan           Jeremy Lauzon            55     1   2  2  
 2 Erik Karlsson            Michael Matheson         45     1   2  2  

4 vs 4 Forward 
   Center                   Wing                     Time % Phy DF OF 
 1 Nicklas Backstrom        Clayton Keller           55     1   2  2  
 2 Kevin Hayes              Andrew Copp              45     1   2  2  

4 vs 4 Defense
   Defense                  Defense                  Time % Phy DF OF 
 1 Calvin De Haan           Ty Smith                 55     1   2  2  
 2 Michael Matheson         Jeremy Lauzon            45     1   2  2  

Last Minutes Offensive
   Center                   Left Wing                Right Wing               Defense                  Defense                  
   Kevin Hayes              Andrew Copp              Teuvo Teravainen         Erik Karlsson            Scott Harrington         

Last Minutes Defensive
   Center                   Left Wing                Right Wing               Defense                  Defense                  
   Andrew Copp              Kevin Hayes              Teuvo Teravainen         Erik Karlsson            Scott Harrington         

Goaltenders
Starting : Joonas Korpisalo         
Backup : Jack Campbell            

Extra Forwards
Normal : Kevin Hayes, Clayton Keller, Andrew Copp - PP : Kevin Hayes, Andrew Copp - PK : Kevin Hayes
Extra Defensemen
Normal : Ty Smith, Jeremy Lauzon, Calvin De Haan - PP : Michael Matheson - PK : Scott Harrington, Calvin De Haan
Penalty Shots
Andrew Copp, Clayton Keller, Nicklas Backstrom, Kevin Hayes, T.J. Oshie
Custom OT Lines Forwards
Nicklas Backstrom, T.J. Oshie, Andrew Copp, Kevin Hayes, Jordan Greenway, Teuvo Teravainen, Clayton Keller, Christian Dvorak, Jesper Fast, Frederick Gaudreau
Custom OT Lines Defensemen
Michael Matheson, Calvin De Haan, Ty Smith, Scott Harrington, Jeremy Lauzon

Scratches
Daniel Carr (Healthy), Seth Griffith (Healthy)

TEXAS TOROS

5 vs 5 Forward 
   Center                   Left Wing                Right Wing               Time % Phy DF OF 
 1 Eetu Luostarinen         Jason Zucker             Wade Allison             36     1   2  2  
 2 Connor Bunnaman          Miles Wood               Jake Virtanen            31     1   2  2  
 3 Nikita Gusev             Taro Hirose              Taylor Raddysh           23     1   2  2  
 4 Alex Chiasson            Richard Panik            Mike Hardman             10     1   2  2  

5 vs 5 Defense 
   Defense                  Defense                                           Time % Phy DF OF 
 1 Tyson Barrie             Vince Dunn                                        36     1   2  2  
 2 Dante Fabbro             Gabriel Carlsson                                  31     1   2  2  
 3 Madison Bowey            Nate Schmidt                                      23     1   2  2  
 4 Tyson Barrie             Vince Dunn                                        10     1   2  2  

PowerPlay Forward 
   Center                   Left Wing                Right Wing               Time % Phy DF OF 
 1 Eetu Luostarinen         Jason Zucker             Wade Allison             55     1   2  2  
 2 Connor Bunnaman          Miles Wood               Jake Virtanen            45     1   2  2  

PowerPlay Defense
   Defense                  Defense                                           Time % Phy DF OF 
 1 Tyson Barrie             Vince Dunn                                        55     1   2  2  
 2 Dante Fabbro             Gabriel Carlsson                                  45     1   2  2  

Penalty Kill 4 Players Forward 
   Center                   Wing                     Time % Phy DF OF 
 1 Jason Zucker             Miles Wood               55     1   2  2  
 2 Eetu Luostarinen         Wade Allison             45     1   2  2  

Penalty Kill 4 Players Defense
   Defense                  Defense                  Time % Phy DF OF 
 1 Tyson Barrie             Vince Dunn               55     1   2  2  
 2 Dante Fabbro             Gabriel Carlsson         45     1   2  2  

Penalty Kill - 3 Players Forward 
   Forward                                           Time % Phy DF OF 
 1 Jason Zucker                                      55     1   2  2  
 2 Miles Wood                                        45     1   2  2  

Penalty Kill - 3 Players Defense
   Defense                  Defense                  Time % Phy DF OF 
 1 Tyson Barrie             Vince Dunn               55     1   2  2  
 2 Dante Fabbro             Gabriel Carlsson         45     1   2  2  

4 vs 4 Forward 
   Center                   Wing                     Time % Phy DF OF 
 1 Jason Zucker             Miles Wood               55     1   2  2  
 2 Eetu Luostarinen         Wade Allison             45     1   2  2  

4 vs 4 Defense
   Defense                  Defense                  Time % Phy DF OF 
 1 Tyson Barrie             Vince Dunn               55     1   2  2  
 2 Dante Fabbro             Gabriel Carlsson         45     1   2  2  

Last Minutes Offensive
   Center                   Left Wing                Right Wing               Defense                  Defense                  
   Eetu Luostarinen         Jason Zucker             Wade Allison             Tyson Barrie             Vince Dunn               

Last Minutes Defensive
   Center                   Left Wing                Right Wing               Defense                  Defense                  
   Eetu Luostarinen         Jason Zucker             Wade Allison             Tyson Barrie             Vince Dunn               

Goaltenders
Starting : Jakub Skarek             
Backup : Mikko Koskinen           

Extra Forwards
Normal : Jason Zucker, Taro Hirose, Taylor Raddysh - PP : Jason Zucker, Taro Hirose - PK : Taylor Raddysh
Extra Defensemen
Normal : Madison Bowey, Tyson Barrie, Dante Fabbro - PP : Madison Bowey - PK : Vince Dunn, Dante Fabbro
Penalty Shots
Jason Zucker, Miles Wood, Eetu Luostarinen, Wade Allison, Jake Virtanen
Custom OT Lines Forwards
Jason Zucker, Miles Wood, Eetu Luostarinen, Wade Allison, Jake Virtanen, Taro Hirose, Connor Bunnaman, Taylor Raddysh, Nikita Gusev, Alex Chiasson
Custom OT Lines Defensemen
Tyson Barrie, Vince Dunn, Dante Fabbro, Gabriel Carlsson, Madison Bowey

Scratches
Barrett Hayton (Sore Left Knee Injury), Sven Baertschi (Healthy), Trevor Zegras (Herniated Disc Injury), Thomas Schemitsch (Healthy), Ryan Poehling (Healthy)

% Time on Ice - PHOENIX MUSTANGS

Lines # - Real PCT - Wanted PCT - Time Play
Normal Forward
1 - 37% - 36% - 19:46
2 - 32% - 31% - 17:05
3 - 24% - 25% - 13:07
4 - 7% - 8% - 3:52
Normal Defense
1 - 33% - 36% - 17:30
2 - 30% - 31% - 16:09
3 - 24% - 23% - 13:05
4 - 13% - 10% - 7:06
PP Forward
1 - 87% - 60% - 1:55
2 - 13% - 40% - 0:17
PP Defense
1 - 23% - 55% - 0:30
2 - 77% - 45% - 1:42
PK Forward
1 - 84% - 55% - 3:19
2 - 16% - 45% - 0:39
PK Defense
1 - 53% - 55% - 2:05
2 - 47% - 45% - 1:53
PK3 Forward
1 - 0% - 55%
2 - 0% - 45%
PK3 Defense
1 - 0% - 55%
2 - 0% - 45%
44 Forward
1 - 0% - 55%
2 - 0% - 45%
44 Defense
1 - 0% - 55%
2 - 0% - 45%
Last Minute Offensive  - 0:00
Last Minute Defensive  - 0:00
Total
Forward - 60:00
Defense - 60:00

% Time on Ice - TEXAS TOROS

Lines # - Real PCT - Wanted PCT - Time Play
Normal Forward
1 - 30% - 36% - 16:17
2 - 27% - 31% - 14:44
3 - 23% - 23% - 12:19
4 - 20% - 10% - 10:30
Normal Defense
1 - 32% - 36% - 17:20
2 - 32% - 31% - 17:19
3 - 30% - 23% - 16:03
4 - 6% - 10% - 3:08
PP Forward
1 - 49% - 55% - 1:57
2 - 51% - 45% - 2:01
PP Defense
1 - 58% - 55% - 2:17
2 - 42% - 45% - 1:41
PK Forward
1 - 64% - 55% - 1:24
2 - 36% - 45% - 0:48
PK Defense
1 - 61% - 55% - 1:21
2 - 39% - 45% - 0:51
PK3 Forward
1 - 0% - 55%
2 - 0% - 45%
PK3 Defense
1 - 0% - 55%
2 - 0% - 45%
44 Forward
1 - 0% - 55%
2 - 0% - 45%
44 Defense
1 - 0% - 55%
2 - 0% - 45%
Last Minute Offensive  - 0:00
Last Minute Defensive  - 0:00
Total
Forward - 60:00
Defense - 60:00

Play-by-Play

1st period


0:01 of 1st period - Andrew Copp wins face-off versus Eetu Luostarinen in neutral zone.
0:04 of 1st period - Shot by Christian Dvorak.
0:04 of 1st period - Stopped by Jakub Skarek without a rebound.
0:05 of 1st period - Connor Bunnaman wins face-off versus Kevin Hayes in TEXAS TOROS zone.
0:12 of 1st period - Icing by Jeremy Lauzon.
0:13 of 1st period - Kevin Hayes wins face-off versus Nikita Gusev in PHOENIX MUSTANGS zone.
0:40 of 1st period - Shot by Clayton Keller.
0:40 of 1st period - Shot Misses the Net.
0:49 of 1st period - Jordan Greenway is hit by Madison Bowey.
0:51 of 1st period - Shot by Clayton Keller.
0:51 of 1st period - Stopped by Jakub Skarek without a rebound.
0:52 of 1st period - Andrew Copp wins face-off versus Eetu Luostarinen in TEXAS TOROS zone.
1:07 of 1st period - Shot by Andrew Copp.
1:07 of 1st period - Shot Misses the Net.
2:10 of 1st period - Minor Penalty to Jake Virtanen for Tripping.
2:11 of 1st period - Jordan Greenway wins face-off versus Jason Zucker in TEXAS TOROS zone.
2:40 of 1st period - Shot by T.J. Oshie.
2:40 of 1st period - Shot Misses the Net.
3:07 of 1st period - Jordan Greenway is hit by Wade Allison and loses puck.
4:10 of 1st period - Shot by Clayton Keller.
4:10 of 1st period - Stopped by Jakub Skarek without a rebound.
4:11 of 1st period - Andrew Copp wins face-off versus Alex Chiasson in TEXAS TOROS zone.
5:19 of 1st period - Clayton Keller is hit by Vince Dunn and loses puck.
6:03 of 1st period - Shot by T.J. Oshie.
6:03 of 1st period - Stopped by Jakub Skarek with a rebound.
6:37 of 1st period - Jason Zucker is hit by Teuvo Teravainen and loses puck.
7:50 of 1st period - Icing by Vince Dunn.
7:51 of 1st period - Nicklas Backstrom wins face-off versus Connor Bunnaman in TEXAS TOROS zone.
8:57 of 1st period - Shot by Nikita Gusev.
8:57 of 1st period - Stopped by Joonas Korpisalo without a rebound.
8:58 of 1st period - Alex Chiasson wins face-off versus Christian Dvorak in PHOENIX MUSTANGS zone.
9:19 of 1st period - Shot by Christian Dvorak.
9:19 of 1st period - Shot Blocked by Madison Bowey.
9:53 of 1st period - Shot by Clayton Keller.
9:53 of 1st period - Stopped by Jakub Skarek without a rebound.
9:54 of 1st period - Kevin Hayes wins face-off versus Nikita Gusev in TEXAS TOROS zone.
10:02 of 1st period - Nikita Gusev is hit by Kevin Hayes and loses puck.
10:11 of 1st period - Shot by Nikita Gusev.
10:11 of 1st period - Shot Misses the Net.
10:13 of 1st period - Shot by Vince Dunn.
10:13 of 1st period - Stopped by Joonas Korpisalo without a rebound.
10:14 of 1st period - Jake Virtanen wins face-off versus Frederick Gaudreau in PHOENIX MUSTANGS zone.
10:14 of 1st period - Jake Virtanen is hit by Jake Walman.
12:18 of 1st period - Shot by Kevin Hayes.
12:18 of 1st period - Stopped by Jakub Skarek without a rebound.
12:19 of 1st period - Alex Chiasson wins face-off versus Andrew Copp in TEXAS TOROS zone.
13:16 of 1st period - Connor Bunnaman is hit by Andrew Copp and loses puck.
15:03 of 1st period - Shot by T.J. Oshie.
15:03 of 1st period - Shot Misses the Net.
15:05 of 1st period - Shot by Nicklas Backstrom.
15:05 of 1st period - Shot Blocked by Nate Schmidt.
15:36 of 1st period - T.J. Oshie is hit by Madison Bowey and loses puck.
15:53 of 1st period - Shot by Kevin Hayes.
15:53 of 1st period - Stopped by Jakub Skarek without a rebound.
15:54 of 1st period - Connor Bunnaman wins face-off versus Frederick Gaudreau in TEXAS TOROS zone.
16:09 of 1st period - Shot by Frederick Gaudreau.
16:09 of 1st period - Shot Misses the Net.
16:43 of 1st period - Tyson Barrie is hit by Jeremy Lauzon.
17:12 of 1st period - Dante Fabbro is hit by Jordan Greenway and loses puck.
18:16 of 1st period - Miles Wood is hit by Teuvo Teravainen and loses puck.
18:48 of 1st period - Nicklas Backstrom is hit by Dante Fabbro and loses puck.
19:34 of 1st period - Shot by Clayton Keller.
19:34 of 1st period - Shot Misses the Net.
19:44 of 1st period - Shot by Clayton Keller.
19:44 of 1st period - Shot Misses the Net.
Goals for this period are 0 for PHOENIX MUSTANGS vs 0 for TEXAS TOROS.
Shots for this period are 7 for PHOENIX MUSTANGS vs 2 for TEXAS TOROS.

2nd period


0:01 of 2nd period - Nicklas Backstrom wins face-off versus Eetu Luostarinen in neutral zone.
0:08 of 2nd period - Tyson Barrie is hit by Jesper Fast and loses puck.
0:09 of 2nd period - Minor Penalty to T.J. Oshie for Roughing.
0:10 of 2nd period - Andrew Copp wins face-off versus Connor Bunnaman in PHOENIX MUSTANGS zone.
1:26 of 2nd period - Shot by Jason Zucker.
1:26 of 2nd period - Stopped by Joonas Korpisalo without a rebound.
1:27 of 2nd period - Nicklas Backstrom wins face-off versus Eetu Luostarinen in PHOENIX MUSTANGS zone.
2:03 of 2nd period - Shot by Jason Zucker.
2:03 of 2nd period - Stopped by Joonas Korpisalo without a rebound.
2:04 of 2nd period - Eetu Luostarinen wins face-off versus Nicklas Backstrom in PHOENIX MUSTANGS zone.
2:04 of 2nd period - Eetu Luostarinen is hit by Calvin De Haan.
2:11 of 2nd period - Icing by Erik Karlsson.
2:12 of 2nd period - Nicklas Backstrom wins face-off versus Nikita Gusev in PHOENIX MUSTANGS zone.
2:28 of 2nd period - Shot by T.J. Oshie.
2:28 of 2nd period - Shot Blocked by Nate Schmidt.
2:30 of 2nd period - Shot by Erik Karlsson.
2:30 of 2nd period - Shot Misses the Net.
2:40 of 2nd period - Shot by T.J. Oshie.
2:40 of 2nd period - Goal by T.J. Oshie - PHOENIX MUSTANGS : 1 - TEXAS TOROS : 0.
2:41 of 2nd period - Andrew Copp wins face-off versus Alex Chiasson in neutral zone.
2:46 of 2nd period - Shot by Christian Dvorak.
2:46 of 2nd period - Shot Misses the Net.
5:43 of 2nd period - Icing by Scott Harrington.
5:44 of 2nd period - Eetu Luostarinen wins face-off versus Kevin Hayes in PHOENIX MUSTANGS zone.
5:47 of 2nd period - Shot by Wade Allison.
5:47 of 2nd period - Shot Misses the Net.
5:56 of 2nd period - Icing by Clayton Keller.
5:57 of 2nd period - Kevin Hayes wins face-off versus Alex Chiasson in PHOENIX MUSTANGS zone.
6:04 of 2nd period - Shot by Clayton Keller.
6:04 of 2nd period - Goal by Clayton Keller - PHOENIX MUSTANGS : 2 - TEXAS TOROS : 0.
6:05 of 2nd period - Nicklas Backstrom wins face-off versus Wade Allison in neutral zone.
7:27 of 2nd period - Shot by Teuvo Teravainen.
7:27 of 2nd period - Stopped by Jakub Skarek without a rebound.
7:28 of 2nd period - Kevin Hayes wins face-off versus Connor Bunnaman in TEXAS TOROS zone.
7:37 of 2nd period - Shot by Jordan Greenway.
7:37 of 2nd period - Stopped by Jakub Skarek with a rebound.
7:51 of 2nd period - Shot by Miles Wood.
7:51 of 2nd period - Shot Blocked by Clayton Keller.
9:58 of 2nd period - Shot by Nicklas Backstrom.
9:58 of 2nd period - Goal by Nicklas Backstrom - PHOENIX MUSTANGS : 3 - TEXAS TOROS : 0.
9:59 of 2nd period - Nicklas Backstrom wins face-off versus Connor Bunnaman in neutral zone.
10:40 of 2nd period - Jake Virtanen is hit by Jesper Fast.
10:46 of 2nd period - Nicklas Backstrom is hit by Miles Wood and loses puck.
11:42 of 2nd period - Shot by Clayton Keller.
11:42 of 2nd period - Stopped by Jakub Skarek without a rebound.
11:43 of 2nd period - Nikita Gusev wins face-off versus Teuvo Teravainen in TEXAS TOROS zone.
12:00 of 2nd period - Shot by Teuvo Teravainen.
12:00 of 2nd period - Stopped by Jakub Skarek without a rebound.
12:01 of 2nd period - Frederick Gaudreau wins face-off versus Alex Chiasson in TEXAS TOROS zone.
12:02 of 2nd period - Shot by T.J. Oshie.
12:02 of 2nd period - Shot Misses the Net.
13:08 of 2nd period - Shot by Kevin Hayes.
13:08 of 2nd period - Shot Blocked by Dante Fabbro.
13:14 of 2nd period - Shot by Jordan Greenway.
13:14 of 2nd period - Stopped by Jakub Skarek with a rebound.
14:13 of 2nd period - Shot by Andrew Copp.
14:13 of 2nd period - Shot Misses the Net.
14:30 of 2nd period - Off-side.
14:31 of 2nd period - Eetu Luostarinen wins face-off versus Nicklas Backstrom in neutral zone.
14:49 of 2nd period - Wade Allison is hit by Calvin De Haan and loses puck.
14:54 of 2nd period - Shot by Tyson Barrie.
14:54 of 2nd period - Stopped by Joonas Korpisalo without a rebound.
14:55 of 2nd period - Kevin Hayes wins face-off versus Connor Bunnaman in PHOENIX MUSTANGS zone.
15:52 of 2nd period - Off-side.
15:53 of 2nd period - Andrew Copp wins face-off versus Nikita Gusev in neutral zone.
16:00 of 2nd period - Off-side.
16:01 of 2nd period - Andrew Copp wins face-off versus Eetu Luostarinen in neutral zone.
17:10 of 2nd period - Shot by T.J. Oshie.
17:10 of 2nd period - Shot Misses the Net.
17:12 of 2nd period - Shot by Jesper Fast.
17:12 of 2nd period - Stopped by Jakub Skarek with a rebound.
17:14 of 2nd period - Shot by T.J. Oshie.
17:14 of 2nd period - Deflect By Nicklas Backstrom.
17:14 of 2nd period - Shot Misses the Net.
17:32 of 2nd period - Shot by T.J. Oshie.
17:32 of 2nd period - Goal by T.J. Oshie - PHOENIX MUSTANGS : 4 - TEXAS TOROS : 0.
17:32 of 2nd period - Mikko Koskinen enters game.
17:33 of 2nd period - Connor Bunnaman wins face-off versus Kevin Hayes in neutral zone.
17:59 of 2nd period - Shot by Clayton Keller.
17:59 of 2nd period - Stopped by Mikko Koskinen with a rebound.
18:01 of 2nd period - Shot by Jeremy Lauzon.
18:01 of 2nd period - Shot Blocked by Nate Schmidt.
18:18 of 2nd period - Miles Wood is hit by Jeremy Lauzon and loses puck.
18:24 of 2nd period - Clayton Keller is hit by Jake Virtanen and loses puck.
19:25 of 2nd period - Richard Panik is hit by Christian Dvorak and loses puck.
Goals for this period are 4 for PHOENIX MUSTANGS vs 0 for TEXAS TOROS.
Shots for this period are 11 for PHOENIX MUSTANGS vs 3 for TEXAS TOROS.

3rd period


0:01 of 3rd period - Nicklas Backstrom wins face-off versus Eetu Luostarinen in neutral zone.
0:04 of 3rd period - Shot by T.J. Oshie.
0:04 of 3rd period - Shot Misses the Net.
0:20 of 3rd period - Shot by T.J. Oshie.
0:20 of 3rd period - Shot Blocked by Tyson Barrie.
0:51 of 3rd period - Off-side.
0:52 of 3rd period - Connor Bunnaman wins face-off versus Andrew Copp in neutral zone.
1:14 of 3rd period - Shot by Andrew Copp.
1:14 of 3rd period - Shot Hit the Post.
1:16 of 3rd period - Shot by Teuvo Teravainen.
1:16 of 3rd period - Stopped by Mikko Koskinen with a rebound.
1:18 of 3rd period - Shot by Teuvo Teravainen.
1:18 of 3rd period - Shot Misses the Net.
1:20 of 3rd period - Shot by Jeremy Lauzon.
1:20 of 3rd period - Shot Misses the Net.
1:22 of 3rd period - Shot by Jeremy Lauzon.
1:22 of 3rd period - Stopped by Mikko Koskinen with a rebound.
1:28 of 3rd period - Shot by Teuvo Teravainen.
1:28 of 3rd period - Shot Misses the Net.
2:57 of 3rd period - Shot by Nicklas Backstrom.
2:57 of 3rd period - Shot Misses the Net.
2:59 of 3rd period - Shot by Jesper Fast.
2:59 of 3rd period - Deflect By Nicklas Backstrom.
2:59 of 3rd period - Shot Misses the Net.
3:40 of 3rd period - Shot by Wade Allison.
3:40 of 3rd period - Goal by Wade Allison - PHOENIX MUSTANGS : 4 - TEXAS TOROS : 1.
3:41 of 3rd period - Alex Chiasson wins face-off versus Kevin Hayes in neutral zone.
4:13 of 3rd period - Shot by Alex Chiasson.
4:13 of 3rd period - Stopped by Joonas Korpisalo without a rebound.
4:14 of 3rd period - Andrew Copp wins face-off versus Eetu Luostarinen in PHOENIX MUSTANGS zone.
4:26 of 3rd period - Eetu Luostarinen is hit by Scott Harrington and loses puck.
4:30 of 3rd period - Eetu Luostarinen is hit by Scott Harrington and loses puck.
5:09 of 3rd period - Madison Bowey is hit by Andrew Copp.
5:10 of 3rd period - Icing by Madison Bowey.
5:11 of 3rd period - Connor Bunnaman wins face-off versus Nicklas Backstrom in TEXAS TOROS zone.
5:32 of 3rd period - Shot by T.J. Oshie.
5:32 of 3rd period - Stopped by Mikko Koskinen without a rebound.
5:33 of 3rd period - Kevin Hayes wins face-off versus Nikita Gusev in TEXAS TOROS zone.
5:35 of 3rd period - Jordan Greenway is hit by Tyson Barrie and loses puck.
5:54 of 3rd period - Vince Dunn is hit by Kevin Hayes and loses puck.
6:14 of 3rd period - Tyson Barrie is hit by Jordan Greenway.
6:15 of 3rd period - Icing by Tyson Barrie.
6:16 of 3rd period - Taro Hirose wins face-off versus Nicklas Backstrom in TEXAS TOROS zone.
7:25 of 3rd period - Shot by Miles Wood.
7:25 of 3rd period - Shot Misses the Net.
7:27 of 3rd period - Shot by Nate Schmidt.
7:27 of 3rd period - Shot Misses the Net.
7:29 of 3rd period - Shot by Jake Virtanen.
7:29 of 3rd period - Stopped by Joonas Korpisalo without a rebound.
7:30 of 3rd period - Andrew Copp wins face-off versus Alex Chiasson in PHOENIX MUSTANGS zone.
7:54 of 3rd period - Vince Dunn is hit by Andrew Copp and loses puck.
7:59 of 3rd period - Shot by Teuvo Teravainen.
7:59 of 3rd period - Stopped by Mikko Koskinen without a rebound.
8:00 of 3rd period - Kevin Hayes wins face-off versus Connor Bunnaman in TEXAS TOROS zone.
8:21 of 3rd period - Clayton Keller is hit by Madison Bowey and loses puck.
9:10 of 3rd period - Shot by Christian Dvorak.
9:10 of 3rd period - Shot Blocked by Dante Fabbro.
9:35 of 3rd period - Icing by Gabriel Carlsson.
9:36 of 3rd period - Eetu Luostarinen wins face-off versus Frederick Gaudreau in TEXAS TOROS zone.
9:43 of 3rd period - Shot by Wade Allison.
9:43 of 3rd period - Stopped by Joonas Korpisalo without a rebound.
9:44 of 3rd period - Frederick Gaudreau wins face-off versus Nikita Gusev in PHOENIX MUSTANGS zone.
11:13 of 3rd period - Shot by Andrew Copp.
11:13 of 3rd period - Stopped by Mikko Koskinen without a rebound.
11:14 of 3rd period - Eetu Luostarinen wins face-off versus Kevin Hayes in TEXAS TOROS zone.
12:00 of 3rd period - Jordan Greenway is hit by Jason Zucker.
12:15 of 3rd period - Minor Penalty to Mike Hardman for High sticking.
12:16 of 3rd period - Taylor Raddysh wins face-off versus T.J. Oshie in TEXAS TOROS zone.
12:28 of 3rd period - Shot by T.J. Oshie.
12:28 of 3rd period - Goal by T.J. Oshie - PHOENIX MUSTANGS : 5 - TEXAS TOROS : 1.
12:29 of 3rd period - Andrew Copp wins face-off versus Alex Chiasson in neutral zone.
13:47 of 3rd period - Miles Wood is hit by Jesper Fast and loses puck.
14:00 of 3rd period - Shot by T.J. Oshie.
14:00 of 3rd period - Stopped by Mikko Koskinen without a rebound.
14:01 of 3rd period - Eetu Luostarinen wins face-off versus Kevin Hayes in TEXAS TOROS zone.
14:23 of 3rd period - Shot by Jason Zucker.
14:23 of 3rd period - Deflect By Wade Allison.
14:23 of 3rd period - Stopped by Joonas Korpisalo without a rebound.
14:24 of 3rd period - Teuvo Teravainen wins face-off versus Taro Hirose in PHOENIX MUSTANGS zone.
14:58 of 3rd period - Andrew Copp is hit by Tyson Barrie and loses puck.
16:38 of 3rd period - Shot by Jordan Greenway.
16:38 of 3rd period - Shot Blocked by Connor Bunnaman.
16:44 of 3rd period - Shot by Connor Bunnaman.
16:44 of 3rd period - Shot Blocked by Clayton Keller.
17:09 of 3rd period - Shot by Richard Panik.
17:09 of 3rd period - Stopped by Joonas Korpisalo without a rebound.
17:10 of 3rd period - Andrew Copp wins face-off versus Nikita Gusev in PHOENIX MUSTANGS zone.
17:14 of 3rd period - Minor Penalty to Andrew Copp for Interference.
17:15 of 3rd period - Nicklas Backstrom wins face-off versus Eetu Luostarinen in PHOENIX MUSTANGS zone.
18:17 of 3rd period - Off-side.
18:18 of 3rd period - Connor Bunnaman wins face-off versus Clayton Keller in neutral zone.
18:25 of 3rd period - Shot by Jake Virtanen.
18:25 of 3rd period - Stopped by Joonas Korpisalo with a rebound.
19:55 of 3rd period - Icing by Madison Bowey.
19:56 of 3rd period - Clayton Keller wins face-off versus Nikita Gusev in TEXAS TOROS zone.
Goals for this period are 1 for PHOENIX MUSTANGS vs 1 for TEXAS TOROS.
Shots for this period are 7 for PHOENIX MUSTANGS vs 7 for TEXAS TOROS.


NATHAN
MACKINNON
PHILLIP
DANAULT
CONNOR
MCDAVID

EAST COAST

HOCKEY LEAGUE

  • 25.QUE4CHI5
  • 26.CHA2LIM3
  • 27.TRV2LON3
  • 28.CHW4BAL2
  • 29.PITMAN
  • 30.ATLNHW
  • 31.WORPET
  • 32.RHI